 Dungeon Crawl Stone Soup version 0.16-a0-327-gbff0e38 (webtiles) character file.

169 PolkaDot the Caller (level 5, -8/35 HPs)
             Began as a Vampire Summoner on Sept 5, 2014.
             Mangled by an orc
             ... wielding a +0 flail
              (11 damage)
             ... on Level 3 of the Dungeon.
             The game lasted 00:10:37 (2724 turns).

PolkaDot the Caller (Vampire Summoner)              Turns: 2724, Time: 00:10:37

HP  -8/35        AC  6     Str  7      XL: 5   Next: 25%
MP   9/9         EV 11     Int 18      God:
Gold 79          SH  3     Dex 14      Spells:  3 memorised,  2 levels left

rFire  . . .     SeeInvis +     q - +1 dagger (drain)
rCold  . . .     Clarity  .     a - +0 robe
rNeg   . . .     rCorr    .     g - +0 buckler
rPois  .         rRot     .     o - +2 helmet
rElec  .         Spirit   .     n - +0 cloak
SustAb .         Warding  .     (no gloves)
rMut   .         Stasis   .     (no boots)
Gourm  .                        (no amulet)
MR     .....                    (no ring)
                                (no ring)

@: regenerating quickly, not resistant to hostile enchantments, unstealthy
A: fangs 3, see invisible, unbreathing
a: no special abilities


You were on level 3 of the Dungeon.
You were very full.

You visited 1 branch of the dungeon, and saw 3 of its levels.

You collected 79 gold pieces.

Inventory:

Hand weapons
 q - a +1 dagger of draining (weapon)
Armour
 a - a +0 robe (worn)
 g - a +0 buckler (worn)
 n - a +0 cloak (worn)
 o - a +2 helmet (worn)
Magical devices
 m - a wand of slowing (5)
Scrolls
 c - 2 scrolls of recharging {unknown}
 d - a scroll of identify {unknown}
 e - a scroll of teleportation {unknown}
 l - a scroll of fear {unknown}
 p - a scroll of enchant weapon {unknown}
Potions
 f - a potion of haste {unknown}
 h - a potion of restore abilities {unknown}
 i - a potion of lignification {unknown}
 j - 2 potions of curing {unknown}
 k - 2 potions of mutation {unknown}
Books
 b - a book of Callings

   Spells                             Type                      Level
   *Summon Small Mammal               Summoning                    1
   *Call Imp                          Summoning                    2
   *Call Canine Familiar              Summoning                    3
   Summon Guardian Golem              Hexes/Summoning              4
   Summon Lightning Spire             Summoning/Air                4
   Summon Ice Beast                   Ice/Summoning                4


   Skills:
 - Level 2.1 Dodging
 - Level 3.0 Stealth
 - Level 2.0 Spellcasting
 * Level 6.6 Summonings


You had 2 spell levels left.
You knew the following spells:

 Your Spells              Type           Power        Failure   Level  Hunger
a - Summon Small Mammal   Summ           ####         1%          1    #......
d - Call Canine Familiar  Summ           ####....     4%          3    ####...
s - Call Imp              Summ           ####....     1%          2    ##.....


Dungeon Overview and Level Annotations

Branches:
Dungeon (3/15)

Altars:
Ashenzari
Cheibriados
Vehumet


Innate Abilities, Weirdness & Mutations

Your natural rate of healing is unusually fast.
You have razor-sharp teeth.
You have supernaturally acute eyesight.
You can survive without breathing.


Message History

Your iron imp hits Natasha!
Natasha dies!
Natasha growls in agony!
You closely miss the orc. The orc hits you with a flail.
* * * LOW HITPOINT WARNING * * *
The hobgoblin throws a stone.
The stone closely misses your iron imp. The stone hits you but does no damage.
Your iron imp hits the orc.
The orc closely misses your iron imp.
You closely miss the orc. Your bite misses the orc.
The orc is heavily wounded.
Your iron imp disappears in a puff of smoke!
The orc hits you with a flail!
* * * LOW HITPOINT WARNING * * *
You block the orc's attack.
The hobgoblin is engulfed in noxious fumes.
The hobgoblin appears confused.
You see here 3 stones.
You feel yourself speed up. The orc hits you with a flail!
You die...

. .)). . #. .#. ### #.#
_. .....[.## ####..###.#
#### %#.....#
..........#..... #.......
.......#(%....# #.......
........((# #.......
#######.#o#######
###.....#
#.#.@.....###........
#####.##.#...............
...$.......###...).......
.......#........###.....#
#########...#....##.....
#.(......##.######.
##.........#.# #....
............#.###.##.
####....>...#...#.##.


You could see an orc.

Vanquished Creatures
  2 adders
  A giant mite (D:3)
  A worm (D:3)
  3 giant geckos
  6 bats
  5 giant cockroaches
  5 goblins
  4 hobgoblins
  A quokka (D:2)
  2 giant newts
  8 kobolds
  9 rats
47 creatures vanquished.

Vanquished Creatures (collateral kills)
  The ghost of Zurvan the Ruinous, a weakling DECj (D:3)
  Natasha (D:3)
  5 adders (D:2)
  2 worms (D:2)
  A giant gecko (D:2)
  3 orcs
  3 goblins
  2 hobgoblins (D:1)
  2 bats
  3 giant newts
  4 kobolds
  2 rats (D:1)
29 creatures vanquished.

Grand Total: 76 creatures vanquished

Notes
Turn   | Place    | Note
--------------------------------------------------------------
     0 | D:1      | PolkaDot, the Vampire Summoner, began the quest for the Orb.
     0 | D:1      | Reached XP level 1. HP: 13/13 MP: 3/3
   156 | D:1      | Reached XP level 2. HP: 13/19 MP: 0/4
   312 | D:1      | Learned a level 2 spell: Call Imp
   760 | D:2      | Reached skill level 5 in Summonings
   770 | D:2      | Reached XP level 3. HP: 7/24 MP: 1/6
   887 | D:2      | Found a radiant altar of Vehumet.
  1196 | D:2      | Learned a level 3 spell: Call Canine Familiar
  1583 | D:2      | Reached XP level 4. HP: 22/30 MP: 0/7
  1606 | D:2      | Found a snail-covered altar of Cheibriados.
  2395 | D:3      | Reached skill level 6 in Summonings
  2585 | D:3      | Noticed Zurvan's ghost (weakling DECj)
  2595 | D:3      | Killed Zurvan's ghost
  2595 | D:3      | Reached XP level 5. HP: 19/35 MP: 0/9
  2697 | D:3      | Found a shattered altar of Ashenzari.
  2697 | D:3      | Noticed Natasha
  2720 | D:3      | Killed Natasha
  2724 | D:3      | Mangled by an orc

Action                   |  1- 3 |  4- 6 || total
-------------------------+-------+-------++-------
Melee: Unarmed           |    47 |       ||    47
       Short sword       |    83 |    74 ||   157
       Dagger            |       |    34 ||    34
 Cast: Summon Small Mamm |    14 |       ||    14
       Call Imp          |    13 |    11 ||    24
       Call Canine Famil |     1 |     1 ||     2
  Use: Potion            |     1 |       ||     1
 Stab: Sleeping          |     3 |     2 ||     5
       Distracted        |       |     3 ||     3
  Eat: Corpse            |    18 |     9 ||    27
